 Dungeon Crawl Stone Soup version 0.30.0-5-g1a98f26d00 (webtiles) character file.

Game seed: 15831032368660398943

7032 Foic the Grappler (level 10, -1/102 HPs)
             Began as a Troll Fighter on May 8, 2023.
             Was a Believer of Qazlal.
             Slain by a thrashing horror (2 damage)
             ... on level 2 of the Abyss.
             The game lasted 00:41:54 (7394 turns).

Foic the Grappler (Troll Fighter)                   Turns: 7394, Time: 00:41:54

Health: -1/102     AC:  8    Str: 28    XL:     10   Next: 83%
Magic:  9/9        EV: 30    Int:  4    God:    Qazlal [**....]
Gold:   706        SH: 18    Dex: 11    Spells: 9/9 levels left

rFire   . .          .
                       - Unarmed
rCold   . . .        o - +0 tower shield
rNeg    . . .        Q - +0 acid dragon scales
rPois   .            (helmet restricted)
rElec   .            (no cloak)
rCorr   +            (gloves unavailable)
SInv    .            (boots unavailable)
Will    .....        L - amulet of the acrobat
Stlth   +            w - +5 ring of evasion
HPRegen 0.00/turn    q - +4 ring of slaying
MPRegen 0.11/turn

%: acrobat
@: mighty, acrobatic, sick
A: large, unfitting armour, claws 3, regeneration 1, shaggy fur 1, tough skin 1
a: Renounce Religion, Upheaval


You were on level 2 of the Abyss.
You worshipped Qazlal.
Qazlal was pleased with you.
You visited 2 branches of the dungeon, and saw 10 of its levels.
You visited the Abyss 1 time.

You collected 706 gold pieces.

Inventory:

Hand Weapons
 J - a +0 heavy sling
Missiles
 e - 112 stones
 f - 5 throwing nets
 v - 2 javelins
 A - 15 poisoned darts (quivered)
 E - 11 large rocks
 O - a boomerang
Armour
 a - a +0 robe
 b - a +0 kite shield
 o - a +0 tower shield (worn)
 Q - +0 acid dragon scales (worn)
Jewellery
 d - a ring of protection from fire
 h - a ring of protection from fire
 k - a ring of protection from cold
 q - a +4 ring of slaying (right claw)
 s - a ring of willpower
 w - a +5 ring of evasion (left claw)
 x - a ring of see invisible
 L - an amulet of the acrobat (around neck)
Wands
 z - a wand of digging (7)
 H - a wand of flame (12)
 N - a wand of polymorph (6)
Scrolls
 j - 3 scrolls of fear {unknown}
 l - 2 scrolls of brand weapon {unknown}
 m - 4 scrolls of magic mapping {unknown}
 n - 6 scrolls of identify {unknown}
 r - 3 scrolls of teleportation {unknown}
 t - a scroll of poison {unknown}
 y - a scroll of noise {unknown}
 B - 2 scrolls of enchant weapon {unknown}
 D - a scroll of fog {unknown}
 F - a scroll of vulnerability {unknown}
 K - a scroll of blinking {unknown}
 P - a scroll of silence {unknown}
Potions
 i - a potion of flight {unknown}
 p - 2 potions of degeneration {unknown}
 u - 2 potions of haste {unknown}
 C - 4 potions of heal wounds {unknown}
 I - a potion of brilliance {unknown}
 M - 2 potions of curing {unknown}


   Skills:
 + Level 7.5 Fighting
 + Level 7.5 Dodging
 + Level 8.1 Shields
 + Level 8.6 Unarmed Combat


You had 9 spell levels left.
You didn't know any spells.
Your spell library contained the following spells:

 Spells                   Type           Power      Damage    Failure   Level
 Blink                    Tloc           0%         N/A       98%         2
 Sublimation of Blood     Necr           0%         N/A       98%         2
 Summon Guardian Golem    Hex/Summ       0%         N/A       100%        3
 Manifold Assault         Tloc           0%         N/A       100%        4
 Petrify                  Tmut/Erth      0%         N/A       100%        4
 Irradiate                Conj/Tmut      0%         3d11      100%        5
 Iskenderun's Battlesphe  Conj           0%         2d6       100%        5
 Iron Shot                Conj/Erth      0%         9d1       100%        6
 Orb of Destruction       Conj           0%         9d5       100%        7
 Spellforged Servitor     Conj/Summ      0%         N/A       100%        7
 Storm Form               Tmut/Air       0%         N/A       100%        7


Dungeon Overview and Level Annotations

Branches:
Dungeon (9/15)             Temple (1/1) D:6
   Lair: D:8-11         Orc: D:9-12

Altars:
Ashenzari
Cheibriados
Elyvilon
Fedhas
Gozag
Hepliaklqana
Kikubaaqudgha
Makhleb
Nemelex Xobeh
Okawaru
Qazlal
Ru
Sif Muna
Trog
Uskayaw
Vehumet
Wu Jian
Xom
Yredelemnul
Zin
The Shining One

Shops:
D:3 (

Annotations:
D:9 Erolcha


Innate Abilities, Weirdness & Mutations

You are too large for most types of armour.
You have claws for hands.
Your natural rate of healing is unusually fast.
You are covered in fur. (AC +1)
You have tough skin. (AC +1)


Message History

The flying skull gives a hideous shriek! x2
You block the flying skull's attack.
The large abomination attacks as you move away!
The large abomination hits you!!
* * * LOW HITPOINT WARNING * * *
You block the thrashing horror's attack. x2
The thrashing horror completely misses you.
The thrashing horror closely misses you.
The flying skull hits you.
* * * LOW HITPOINT WARNING * * *
The flying skull completely misses you.
The thrashing horror attacks as you move away!
The thrashing horror completely misses you.
The thrashing horror barely misses you.
You block the thrashing horror's attack. x2
You feel very mighty all of a sudden.
You block the thrashing horror's attack.
The thrashing horror closely misses you.
The flying skull is engulfed in freezing vapours.
You block the thrashing horror's attack.
The thrashing horror barely misses you. The thrashing horror misses you.
The thrashing horror tramples you.
* * * LOW HITPOINT WARNING * * *
You stumble backwards!
The flying skull is engulfed in freezing vapours.
As you read the scroll labelled GECUPNAXTO, it crumbles to dust.
The creatures around you are filled with an inner flame!
It was a scroll of immolation.
The thrashing horror completely misses you.
The thrashing horror closely misses you.
The flying skull is engulfed in blazing flames.
Flame seeps out of the flying skull.
You block the flying skull's attack.
The flying skull is engulfed in blazing flames.
Flame seeps out of the flying skull.
The flying skull barely misses you.
You block the thrashing horror's attack.
The thrashing horror completely misses you.
The flying skull attacks as you move away!
You block the flying skull's attack. The thrashing horror tramples you.
You die...

### ## ...# .#
###....#..# ###. .#
#.#....#.. .. # .# .
#. #..#.#.....# ..# #
# #..#..##.#........#
#.. . .
...#...#...#..##.## #
.# .
..##...#.##....#.#.#.#
.
.......○.##.#.#...#..#
. .
.#.....##@#.......#..
.# ....
....#.Xzz#.##...# #.
#... .. X...###..#
z.#.#. # . . . .
.#.#..#..#.X... ..# .#
. .#..#.###..#z.
..##..# # . . ..
#.#......##.# ###
...#..#.#...#### ##
#.# #.### ##...# ### #
####.#


You could see a thrashing horror (inner flame) and 3 flying skulls.

Vanquished Creatures
  Pikel (D:6)
  The ghost of joakim the Trooper, a novice MiBe of Trog (D:6)
  A large abomination (Abyss:2)
  4 gargoyles (D:8)
  A kobold demonologist (D:9)
  An ancient zyme (Abyss:2)
  A wyvern (D:9)
  A wraith (D:4)
  A steam dragon (D:8)
  An acid dragon (D:9)
  A water moccasin (D:7)
  4 orc warriors
  2 ice beasts
  A sky beast (D:6)
  2 black bears
  2 ogres
  4 lemures (D:6)
  3 centaurs
  2 kobold brigands
  4 bullfrogs
  3 scorpions
  6 wights
  An electric eel (D:6)
  A quasit (Abyss:2)
  4 orc priests
  6 hounds
  4 jellies
  A gnoll bouda (D:4)
  4 iguanas
  Ijyb (D:5)
  2 sleepcaps
  7 orc wizards
  5 adders
  15 gnolls
  A shadow imp (D:6)
  3 white imps
  An ufetubus (D:5)
  3 worms
  2 dart slugs
  28 orcs
  An endoplasm (D:3)
  5 giant cockroaches
  8 goblins
  11 hobgoblins
  22 jackals
  15 kobolds
  A quokka (D:3)
  2 ball pythons
  8 bats
  5 frilled lizards
  5 rats
219 creatures vanquished.

Notes
Turn   | Place    | Note
-------+----------+-------------------------------------------
     0 | D:1      | Foic the Troll Fighter began the quest for the Orb.
     0 | D:1      | Reached XP level 1. HP: 22/22 MP: 0/0
   193 | D:1      | Reached XP level 2. HP: 29/29 MP: 1/1
   496 | D:1      | Reached XP level 3. HP: 36/36 MP: 2/2
   844 | D:1      | Reached XP level 4. HP: 33/44 MP: 3/3
  1005 | D:2      | You fall into a shaft and drop 1 floor!
  1037 | D:3      | Found Egooklai's Weapon Shop.
  1081 | D:3      | Found an ancient bone altar of Kikubaaqudgha.
  1768 | D:2      | Found a faded altar of an unknown god.
  2240 | D:3      | Reached XP level 5. HP: 53/53 MP: 4/4
  2294 | D:4      | Noticed an orc warrior
  2463 | D:4      | Reached XP level 6. HP: 46/61 MP: 5/5
  2524 | D:4      | Found a blossoming altar of Fedhas.
  3060 | D:5      | Entered Level 5 of the Dungeon
  3143 | D:3      | Killed an orc warrior
  3144 | D:3      | Reached XP level 7. HP: 41/68 MP: 6/6
  3318 | D:5      | Noticed a wraith
  3343 | D:4      | Killed a wraith
  3485 | D:5      | Noticed Ijyb
  3493 | D:5      | Killed Ijyb
  3632 | D:5      | Found a shimmering blue altar of Sif Muna.
  3992 | D:6      | Found a staircase to the Ecumenical Temple.
  3997 | Temple   | Entered the Ecumenical Temple
  4129 | Temple   | Became a worshipper of Qazlal Stormbringer
  4150 | D:6      | Reached skill level 5 in Shields
  4187 | D:6      | Reached XP level 8. HP: 79/79 MP: 7/7
  4191 | D:6      | Reached skill level 5 in Unarmed Combat
  4319 | D:6      | Noticed Pikel
  4402 | D:6      | Killed Pikel
  4402 | D:6      | Reached * piety under Qazlal
  4403 | D:6      | Reached skill level 5 in Fighting
  4403 | D:6      | Reached skill level 5 in Dodging
  4674 | D:6      | Reached XP level 9. HP: 80/88 MP: 8/8
  4797 | D:6      | Found a runed translucent gate.
  4798 | D:6      | Found a runed translucent gate.
  4799 | D:6      | Found a runed translucent gate.
  4801 | D:6      | Noticed joakim's ghost (novice MiBe)
  4815 | D:6      | Killed joakim's ghost
  5643 | D:7      | Found a basalt altar of Yredelemnul.
  6322 | D:8      | Found a bloodstained altar of Trog.
  6325 | D:8      | Reached ** piety under Qazlal
  6334 | D:8      | Reached XP level 10. HP: 100/100 MP: 9/9
  6716 | D:8      | Noticed a gargoyle
  6720 | D:8      | Killed a gargoyle
  6736 | D:8      | Noticed a gargoyle
  6739 | D:8      | Killed a gargoyle
  6746 | D:8      | Noticed a gargoyle
  6749 | D:8      | Killed a gargoyle
  6761 | D:8      | Noticed a gargoyle
  6764 | D:8      | Killed a gargoyle
  7291 | D:9      | Noticed Erolcha
  7294 | Abyss:2  | Cast into level 2 of the Abyss (Erolcha)
  7339 | Abyss:2  | Noticed a large abomination
  7344 | Abyss:2  | Noticed a large abomination
  7366 | Abyss:2  | Killed a large abomination
  7380 | Abyss:2  | Noticed a thrashing horror
  7387 | Abyss:2  | HP: 5/102 [large abomination (35)]
  7389 | Abyss:2  | HP: 1/102 [thrashing horror (2)]
  7394 | Abyss:2  | Slain by a thrashing horror

Illustrated notes

Levels and vault maps discovered:
D:1:      roderic_chinese_lattice_arrival, layout_basic, minivault_14,
          serial_bayou_lake_a
D:2:      layout_basic, shapermc_ecumenical_altar_totnotflames
D:3:      layout_basic, nicolae_kikubaaqudgha_miasma_corner, serial_shops,
          nicolae_shop_getting_attention, guppyfry_early_orc_mine
D:4:      layout_loops_ring, mainiacjoe_overflow_alcove_1
D:5:      layout_gridville, lemuel_round_altar, uniq_ijyb
D:6:      layout_basic, minmay_temple_entry_overgrown, serial_bayou,
          serial_bayou_ford_a, serial_bayou_shore_b, serial_bayou_pond_e,
          serial_bayou_pond_e, ebering_ghost_rock_garden, uniq_pikel
D:7:      black_bear_nest_1, layout_basic, mainiacjoe_overflow_tiny_flanked
D:8:      cheibrodos_statue_roulette, layout_basic, trog_butcher_becter
D:9:      layout_irregular_city, uniq_erolcha, uniq_erica
Temple:   compressed_dpeg_triangle_lava_temple
Abyss:2:  base: D:9, onia_ninara_dug_in_and_dangerous

Skill      XL: |  1  2  3  4  5  6  7  8  9 10 |
---------------+-------------------------------+-----
Shields        | 3 4 5 6 7 8 |  8.1
Fighting       | 3 4 5 6 7 |  7.5
Dodging        | 3 4 5 6 7 |  7.5
Unarmed Combat | 3 4 6 7 8 |  8.6

Action                     |  1- 3 |  4- 6 |  7- 9 | 10-12 || total
---------------------------+-------+-------+-------+-------++-------
  Melee: Unarmed           |   112 |   190 |   259 |   106 ||   667
  Throw: Stone             |     6 |     4 |     4 |     3 ||    17
         Dart              |       |       |       |     3 ||     3
    Use: Scroll            |       |       |       |     1 ||     1
         Potion            |       |       |       |     1 ||     1
 Armour: Robe              |    42 |    56 |    22 |     1 ||   121
         Acid dragon scale |       |       |       |     4 ||     4
  Dodge: Dodged            |    47 |    85 |   115 |    45 ||   292
  Block: Kite shield       |    36 |    12 |       |       ||    48
         Tower shield      |       |   104 |   160 |    97 ||   361
